 Dungeon Sprint DCSS version 0.29-a0-1006-g0dd7720b37 (webtiles) character file.

Game seed: 14300864983580134722

1011 mhtbhm the Fighter (level 8, -1/57 HPs)
             Began as a Gargoyle Fighter on Aug 6, 2022.
             Was an Initiate of Gozag.
             Slain by a cane toad (shapeshifter) (17 damage)
             ... in the Dungeon (Sprint IX: "|||||||||||||||||||||||||||||").
             The game lasted 00:00:55 (571 turns).

mhtbhm the Fighter (Gargoyle Fighter)                Turns: 571, Time: 00:00:56

Health: -1/57      AC: 20    Str: 25    XL:     8   Next: 21%
Magic:  8/8        EV: 11    Int:  9    God:    Gozag
Gold:   414        SH:  6    Dex:  9    Spells: 7/7 levels left

rFire   . . .      SeeInvis .   a - +2 morningstar (vorpal)
rCold   . . .      Faith    .   c - +0 buckler
rNeg    + . .      Spirit   .   b - +1 scale mail
rPois   ∞          Reflect  .   m - +0 helmet
rElec   +          Harm     .   (no cloak)
rCorr   .          Rampage  .   (no gloves)
Will    .....      NoTele   +   n - +0 pair of boots
Stlth   ..........              (no amulet)
HPRegen 0.19/turn               o - +3 ring of strength
MPRegen 0.11/turn               p - +2 ring of protection

@: invisible
A: sickness immunity, AC +5, negative energy resistance 1, electricity
resistance, torment resistance 1, petrification resistance
a: Renounce Religion, Potion Petition, Call Merchant, Bribe Branch


You were in the Dungeon.
You worshipped Gozag.
Gozag was aware of your devotion.
You visited 1 branch You collected 414 gold pieces.

Inventory:

Hand Weapons
 a - a +2 vorpal morningstar (weapon)
Armour
 b - a +1 scale mail (worn)
 c - a +0 buckler (worn)
 m - a +0 helmet (worn)
 n - a +0 pair of boots (worn)
Jewellery
 o - a +3 ring of strength (left hand)
 p - a +2 ring of protection (right hand)
Wands
 l - a wand of iceblast (9)
Scrolls
 j - 2 scrolls of blinking
 k - 2 scrolls of amnesia
Potions
 e - 5 potions of curing
 f - 2 potions of heal wounds
 g - a potion of haste
 h - 4 potions of magic
 i - a potion of berserk rage


   Skills:
 + Level 10.1 Fighting
 + Level 8.7 Maces & Flails
 + Level 9.9 Armour
 + Level 4.2 Dodging
 + Level 9.3 Shields


You had 7 spell levels left.
You didn't know any spells.
Your spell library was empty.

Dungeon Overview and Level Annotations

Branches:
Dungeon (1/1)

Altars:
Cheibriados
Dithmenos
Elyvilon
Fedhas
Gozag
Hepliaklqana
Kikubaaqudgha
Makhleb
Nemelex Xobeh
Okawaru
Qazlal
Ru
Sif Muna
Trog
Uskayaw
Vehumet
Wu Jian
Xom
Yredelemnul
Zin
The Shining One
Jiyva
Lugonu


Innate Abilities, Weirdness & Mutations

You are immune to sickness and miasma.
Your stone body is resilient. (AC +5)
You are immune to poison.
You resist negative energy. (rN+)
You are resistant to electric shocks. (rElec)
You are resistant to unholy torment.
You are immune to petrification.


Message History

The boulder beetle is severely wounded.
The cane toad barely misses you. The boulder beetle closely misses you.
The cane toad closely misses you.
You completely miss the boulder beetle.
The boulder beetle is heavily wounded.
The boulder beetle barely misses you.
The cane toad stings you but does no damage.
You hit the boulder beetle but do no damage.
The boulder beetle is heavily wounded.
The cane toad closely misses you. The boulder beetle bites you.
You hit the boulder beetle but do no damage.
The boulder beetle is heavily wounded.
The cane toad closely misses you. The boulder beetle bites you.
The basilisk gazes at the vampire mosquito.
The vampire mosquito is moving more slowly.
The cane toad misses you.
You hit the boulder beetle but do no damage.
The boulder beetle is heavily wounded.
You block the boulder beetle's attack. The cane toad misses you.
The vampire mumbles some strange words.
The vampire flickers and vanishes!
Deactivating autopickup; reactivate with Ctrl-A.
You hit the boulder beetle.
The boulder beetle is severely wounded.
The boulder beetle bites you!! You block the cane toad's attack.
You impale the boulder beetle!!
The boulder beetle is almost dead.
The cane toad barely misses you. The boulder beetle closely misses you.
The basilisk gazes at you. The cane toad misses you.
You hit the boulder beetle but do no damage.
The boulder beetle is almost dead.
The boulder beetle bites you!
* * * LOW HITPOINT WARNING * * *
The cane toad barely misses you.
You hit the boulder beetle but do no damage.
The boulder beetle is almost dead.
The boulder beetle barely misses you. The cane toad stings you!
You die...
Your body crumbles into a pile of gold. ▓▓▓▓▓▓▓▓▓▓▓▓▓▓▓▓▓▓▓▓▓▓▓▓ '..)..[...)....B@Fyll{.. ▓▓▓▓▓▓▓▓▓▓▓▓▓▓▓▓▓▓▓▓▓▓▓▓ $ $$$$$ $ $ $ $$$$$

You could see a boulder beetle (unable to see you), a cane toad (unable to see you), 2 basilisks and a vampire mosquito (petrified).

Vanquished Creatures
  2 unseen horrors (D)
  A komodo dragon (D)
  A scorpion (D)
  2 killer bees (D)
  2 orc wizards (D)
  An adder (D)
  An orc (D)
  A bat (D)
  2 hobgoblins (D)
  A quokka (D)
  A frilled lizard (D)
  A kobold (D)
16 creatures vanquished.

Notes
Turn   | Place    | Note
-------+----------+-------------------------------------------
     0 | D        | mhtbhm the Gargoyle Fighter began the quest for the Orb.
     0 | D        | Reached XP level 1. HP: 14/14 MP: 1/1
    24 | D        | Noticed a scorpion
    24 | D        | Noticed an orc wizard
    27 | D        | Killed a scorpion
    28 | D        | Reached skill level 5 in Fighting
    28 | D        | Reached skill level 5 in Armour
    28 | D        | Reached skill level 5 in Shields
    28 | D        | Reached XP level 2. HP: 17/21 MP: 2/2
    28 | D        | Reached XP level 3. HP: 21/26 MP: 3/3
    28 | D        | Reached XP level 4. HP: 25/31 MP: 4/4
    33 | D        | Reached skill level 1 in Dodging
    45 | D        | Reached skill level 6 in Fighting
    57 | D        | Found a snail-covered altar of Cheibriados.
    57 | D        | Found a shadowy altar of Dithmenos.
    57 | D        | Found a white marble altar of Elyvilon.
    57 | D        | Found a blossoming altar of Fedhas.
    57 | D        | Found an opulent altar of Gozag.
    58 | D        | Found a hazy altar of Hepliaklqana.
    59 | D        | Found a viscous altar of Jiyva.
    60 | D        | Found an ancient bone altar of Kikubaaqudgha.
    61 | D        | Found a corrupted altar of Lugonu.
    62 | D        | Found a burning altar of Makhleb.
    63 | D        | Found a sparkling altar of Nemelex Xobeh.
    64 | D        | Found an iron altar of Okawaru.
    65 | D        | Became a worshipper of Gozag Ym Sagoz the Greedy
    66 | D        | Found a stormy altar of Qazlal.
    67 | D        | Found a sacrificial altar of Ru.
    68 | D        | Found a shimmering blue altar of Sif Muna.
    69 | D        | Found a bloodstained altar of Trog.
    70 | D        | Found a hide-covered altar of Uskayaw.
    71 | D        | Found a radiant altar of Vehumet.
    72 | D        | Found an ornate altar of the Wu Jian Council.
    73 | D        | Found a shimmering altar of Xom.
    74 | D        | Found a basalt altar of Yredelemnul.
    75 | D        | Found a glowing silver altar of Zin.
    76 | D        | Found a glowing golden altar of the Shining One.
   169 | D        | Noticed a komodo dragon
   181 | D        | Killed an unseen horror
   182 | D        | Reached skill level 8 in Fighting
   182 | D        | Reached XP level 5. HP: 13/40 MP: 5/5
   182 | D        | Reached XP level 6. HP: 15/45 MP: 6/6
   386 | D        | Killed an unseen horror
   387 | D        | Reached skill level 9 in Fighting
   387 | D        | Reached XP level 7. HP: 46/51 MP: 7/7
   393 | D        | Killed a komodo dragon
   394 | D        | Reached XP level 8. HP: 7/57 MP: 8/8
   399 | D        | Reached skill level 10 in Fighting
   558 | D        | Noticed a cane toad
   558 | D        | Noticed a boulder beetle
   558 | D        | Noticed a vampire
   571 | D        | Slain by a cane toad (shapeshifter)

Illustrated notes

Levels and vault maps discovered:
D:        linesprint [early_d, line_temple, items_1, d_10, items_2, lair_1,
          lair_end, items_3, orc_1, orc_end, items_4, d_15, swamp_1, shoals_1,
          snake_1, spider_1, d_20, vaults_1, items_5, swamp_end, shoals_end,
          snake_end, spider_end, vaults_end, d_27, items_6, zot_1, zot_end,
          crypt_end, forest_end, elf_end, slime_end, tomb_end, abyss_end,
          pan_hell_end]

Skill      XL: |  1  2  3  4  5  6  7  8 |
---------------+-------------------------+-----
Fighting       | 5 8 9 10 | 10.1
Maces & Flails | 3 6 7 8 |  8.7
Armour         | 5 8 9 |  9.9
Shields        | 5 7 8 9 |  9.3
Dodging        | 2 3 4 |  4.2

Action                   |  1- 3 |  4- 6 |  7- 9 || total
-------------------------+-------+-------+-------++-------
Melee: Flail             |    16 |    18 |       ||    34
       Morningstar       |       |    17 |    26 ||    43
Evoke: Wand              |       |       |     1 ||     1
  Use: Potion            |     1 |       |     2 ||     3
 Stab: Invisible         |       |       |     2 ||     2
Armor: Scale mail        |     6 |    37 |     6 ||    49
Dodge: Dodged            |    15 |     6 |    20 ||    41
Block: Buckler           |     2 |     9 |     5 ||    16

Table legend: (Time is in decaauts)
 A = Elapsed time spent in this place.
 B = Non-inter-level travel time spent in this place.
 C = Inter-level travel time spent in this place.
 D = Time resting spent in this place.
 E = Time spent auto-exploring this place.
 F = Levels seen in this place.
 G = Mean time per level.
                   A        B        C        D        E       F      G
               +--------+--------+--------+--------+--------+-----+--------+
         Total |    587 |    587 |      0 |    375 |      3 |   1 |  587.0 |
       Dungeon |    587 |    587 |      0 |    375 |      3 |   1 |  587.0 |
               +--------+--------+--------+--------+--------+-----+--------+

Top non-repeatable levels by time:
       D: 587 daAuts
